 Dungeon Crawl Stone Soup version 0.28.0-43-g3370ac3207 (webtiles) character file.

Game seed: 8103915441665810238

60 sking99 the Cudgeller (level 3, 0/27 HPs)
             Began as a Demonspawn Gladiator on Mar 24, 2022.
             Was an Initiate of Yredelemnul.
             Slain by a hobgoblin (3 damage)
             ... led by Robin
             ... on level 3 of the Dungeon.
             The game lasted 00:03:04 (2451 turns).

sking99 the Cudgeller (Demonspawn Gladiator)        Turns: 2451, Time: 00:03:04

Health: 0/27       AC:  5    Str: 16    XL:     3   Next: 82%
Magic:  3/3        EV: 12    Int:  9    God:    Yredelemnul [......]
Gold:   126        SH:  0    Dex: 14    Spells: 2/2 levels left

rFire   . . .      SeeInvis .     - Unarmed
rCold   . . .      Faith    .   (no shield)
rNeg    . . .      Spirit   .   b - +0 leather armour
rPois   .          Reflect  .   c - +0 helmet
rElec   .          Harm     .   e - +0 cloak
rCorr   .          Rampage  .   (no gloves)
Will    .....                   (no boots)
Stlth   +.........              (no amulet)
HPRegen 0.09/turn               (no ring)
MPRegen 0.08/turn               (no ring)

@: no status effects
A: claws 1, demonic guardian 1
a: Renounce Religion, Recall Undead Harvest


You were on level 3 of the Dungeon.
You worshipped Yredelemnul.
Yredelemnul was noncommittal.
You visited 1 branch of the dungeon, and saw 3 of its levels.

You collected 126 gold pieces.

Inventory:

Missiles
 d - 4 throwing nets (quivered)
Armour
 b - a +0 leather armour (worn)
 c - a +0 helmet (worn)
 e - a +0 cloak (worn)
Scrolls
 g - a scroll of enchant armour {unknown}
 h - a scroll of fear {unknown}
 i - a scroll of noise {unknown}
 j - a scroll of vulnerability {unknown}
 l - a scroll of brand weapon {unknown}
Potions
 a - a potion of curing {unknown}
 f - a potion of flight {unknown}
 k - 2 potions of invisibility {unknown}


   Skills:
 - Level 2.1 Fighting
 - Level 2.9 Maces & Flails
 - Level 1.7 Throwing
 - Level 0.3 Armour
 - Level 2.8 Dodging
 + Level 2.6 Unarmed Combat


You had 2 spell levels left.
You didn't know any spells.
Your spell library was empty.

Dungeon Overview and Level Annotations

Branches:
Dungeon (3/15)

Altars:
Yredelemnul

Annotations:
D:3 Grinder, Robin


Innate Abilities, Weirdness & Mutations

You have sharp fingernails.
A weak demonic guardian rushes to your aid.


Message History

A black mist starts to gather...
The goblin hits you but does no damage.
A kobold comes into view. It is wielding a +0 whip.
The goblin closely misses you. x2
You closely miss the goblin. The goblin hits you but does no damage.
The goblin hits you with a +0 club. The hobgoblin hits you.
* * * LOW HITPOINT WARNING * * *
Your iron imp completely misses the hobgoblin.
The goblin hits you but does no damage.
Okay, then.
You scratch the goblin but do no damage.
The goblin no longer looks unusually strong.
The goblin hits you but does no damage.
Your goblin zombie closely misses the goblin.
Robin roars a battlecry!
The goblin goes into a battle-frenzy!
The goblin hits you but does no damage. The hobgoblin barely misses you.
The goblin barely misses you.
Your iron imp completely misses the hobgoblin.
You barely miss the goblin.
The goblin no longer looks unusually strong.
The goblin hits you but does no damage.
Robin roars a battlecry!
The goblin goes into a battle-frenzy!
The goblin hits you with a +0 club.
* * * LOW HITPOINT WARNING * * *
A demonic guardian appears!
The goblin barely misses you.
Your goblin zombie hits the goblin.
The hobgoblin barely misses you.
Okay, then.
You scratch the goblin.
The goblin is heavily wounded.
The goblin no longer looks unusually strong.
Grinder blinks!
Your iron imp hits the hobgoblin.
The goblin hits you with a +0 club.
* * * LOW HITPOINT WARNING * * *
The goblin closely misses you.
Robin roars a battlecry!
The goblin goes into a battle-frenzy!
The hobgoblin hits you.
You die...
Your body rises from the dead as a mindless zombie.

######## ###. .#^.....
....# .#..... #....##
.#.... .......#(...5
....)....#..
...Z5gg§#.#######
.####ggg##.#.....#
....Kgg@g5.'.....####..
.###########............
###########.#.###...
.......ZZZ..........
############..###.##
#..# ##.## #..# #..##


You could see Robin, a hobgoblin (strong), 6 goblins, a kobold, 2 friendly iron
imps and a friendly goblin zombie.

Vanquished Creatures
  2 adders
  5 ball pythons
  4 bats
  4 endoplasms
  4 goblins
  5 hobgoblins
  3 quokkas
  A frilled lizard (D:1)
  4 kobolds
  5 rats
37 creatures vanquished.

Vanquished Creatures (collateral kills)
  2 goblins (D:3)
  A frilled lizard (D:3)
3 creatures vanquished.

Vanquished Creatures (others)
  3 ball python zombies (D:3)
  A hobgoblin zombie (D:3)
  A plant (D:2)
5 creatures vanquished.

Grand Total: 45 creatures vanquished

Notes
Turn   | Place    | Note
-------+----------+-------------------------------------------
     0 | D:1      | sking99 the Demonspawn Gladiator began the quest for the
                  | Orb.
     0 | D:1      | Reached XP level 1. HP: 16/16 MP: 1/1
   632 | D:1      | Gained mutation: You have sharp fingernails. [demonic
                  | ancestry]
   632 | D:1      | Reached XP level 2. HP: 22/22 MP: 2/2
  1442 | D:2      | Reached skill level 1 in Unarmed Combat
  1557 | D:2      | Gained mutation: A weak demonic guardian rushes to your
                  | aid. [demonic ancestry]
  1557 | D:2      | Reached XP level 3. HP: 11/27 MP: 3/3
  2021 | D:2      | Found a faded altar of an unknown god.
  2247 | D:2      | Prayed at the altar of an unknown god.
  2247 | D:2      | Became a worshipper of Yredelemnul the Dark
  2247 | D:2      | Reached * piety under Yredelemnul
  2433 | D:3      | Noticed Grinder
  2435 | D:3      | Noticed Robin
  2451 | D:3      | Slain by a hobgoblin

Illustrated notes

Levels and vault maps discovered:
D:1:      shiori_arrival_elements, layout_loops_corners, minmay_hedge_maze,
          minmay_box_of_dots
D:2:      layout_rooms, hellmonk_ecumenical_altar_crossroads, serial_forest,
          infiniplex_forest_diagonal, infiniplex_forest_clump_medium,
          infiniplex_forest_lined_2, infiniplex_forest_fountain,
          infiniplex_forest_clump_long, infiniplex_forest_lined_4_way,
          infiniplex_forest_straight_5, infiniplex_forest_straight_2,
          infiniplex_forest_lined_corner, infiniplex_forest_corner_2,
          solitary_fountain
D:3:      layout_basic, chequers_hall_statues_wall_a, uniq_robin, uniq_grinder

Skill      XL: |  1  2  3 |
---------------+----------+-----
Unarmed Combat | 1 2 |  2.6
Fighting       | |  2.1
Maces & Flails | |  2.9
Throwing       | |  1.7
Armour         | |  0.3
Dodging        | |  2.8

Action                   || total
-------------------------++-------
Melee: Flail             ||    32
       Unarmed           ||   134
Throw: Throwing net      ||     3
 Stab: Held in net/web   ||     1
       Sleeping          ||     1
Armor: Leather armour    ||    62
Dodge: Dodged            ||   117
